 Dungeon Crawl Stone Soup version 0.24-a0-92-g7d8ec57 (console) character file.

Game seed: 6338476845862541266

8 Duffy the Sneak (level 2, -1/22 HPs)
             Began as a Naga Wizard on Feb 9, 2019.
             Slain by a kobold (2 damage)
             ... on level 4 of the Dungeon.
             The game lasted 00:00:40 (409 turns).

Duffy the Sneak (Naga Wizard)                        Turns: 409, Time: 00:00:41

Health: -1/22      AC:  4    Str:  9    XL:     2   Next: 8%
Magic:  0/6        EV: 10    Int: 18    God:
Gold:   16         SH:  0    Dex:  9    Spells: 6/7 levels left

rFire    . . .     SeeInvis +   c - scroll of identify {unknown}
rCold    . . .     Gourm    .   (no shield)
rNeg     . . .     Faith    .   a - +0 robe
rPois    +         Spirit   .   b - +0 hat
rElec    .         Reflect  .   e - +2 cloak
rCorr    .         Harm     .   (no gloves)
MR       .....                  (no barding)
Stlth    ++........             (no amulet)
HPRegen  0.07/turn              (no ring)
MPRegen  0.10/turn              (no ring)

@: short of breath, very slow
A: large, see invisible, deformed body, poison resistance, slowness 2, slow
metabolism 1, spit poison 1, AC +0
a: Spit Poison


You were on level 4 of the Dungeon.
You were not hungry.

You visited 1 branch of the dungeon, and saw 4 of its levels.

You collected 16 gold pieces.

Inventory:

Armour
 a - a +0 robe (worn)
 b - a +0 hat (worn)
 e - a +2 cloak (worn)
Scrolls
 c - a scroll of identify (in hand) {unknown}
Comestibles
 d - a ration
 f - a chunk of flesh


   Skills:
 - Level 1.5 Dodging
 - Level 3.0 Stealth
 - Level 3.0 Spellcasting
 + Level 2.1 Conjurations
   Level 1.0 Summonings
   Level 1.0 Translocations


You had 6 spell levels left.
You knew the following spells:

 Your Spells              Type           Power        Failure   Level  Hunger
h - Magic Dart            Conj           ##..         7%          1    None

Your spell library contained the following spells:

 Spells                   Type           Power        Failure   Level  Hunger
 Blink                    Tloc           N/A          16%         2    ##.....
 Call Imp                 Summ           #.......     16%         2    ##.....
 Slow                     Hex            #.......     24%         2    ##.....
 Conjure Flame            Conj/Fire      #.......     32%         3    ###....
 Mephitic Cloud           Conj/Pois/Air  #.......     36%         3    ###....


Dungeon Overview and Level Annotations

Branches:
Dungeon (4/15)
 Temple: D:4-7

Altars:
Vehumet


Innate Abilities, Weirdness & Mutations

You cannot wear boots.
Your serpentine skin is tough. (AC +0)
You have supernaturally acute eyesight. (SInv)
Armour fits poorly on your strangely shaped body.
Your system is resistant to poisons. (rPois)
You cover ground very slowly.
You have a slow metabolism.
You can spit poison.


Message History

Aim: a kobold, carrying a wand of flame (21)
The splash of poison misses the jackal.
The splash of poison misses the kobold.
You feel slightly more hungry. The jackal bites you.
The jackal closely misses you.
Cast which spell? (? or * to list)
Aiming: Magic Dart (safe; 7% risk of failure)
Press: ? - help, Shift-Dir - straight line, f/p - kobold
Aim: a kobold, carrying a wand of flame (21)
The magic dart hits the jackal.
The jackal is almost dead.
The jackal bites you but does no damage.
The jackal closely misses you.
Cast which spell? (? or * to list)
Aiming: Magic Dart (safe; 7% risk of failure)
Press: ? - help, Shift-Dir - straight line, f/p - kobold
Aim: a kobold, carrying a wand of flame (21)
The magic dart hits the jackal.
You kill the jackal!
The kobold hits you.
You die...

#.# #.# #.#
#.###########
#.#..........
####.#.#########
#.............#
#.##.#.........
#.##@#.######..
#..K.#.######..
#.####.........
#.# #<######..
### ###


You could see a kobold.

Vanquished Creatures
  An ooze (D:2)
  2 jackals (D:4)
  A rat (D:3)
4 creatures vanquished.

Notes
Turn   | Place    | Note
-------+----------+-------------------------------------------
     0 | D:1      | Duffy the Naga Wizard began the quest for the Orb.
     0 | D:1      | Reached XP level 1. HP: 15/15 MP: 4/4
   314 | D:4      | Reached XP level 2. HP: 22/22 MP: 0/6
   376 | D:4      | Found a radiant altar of Vehumet.
   405 | D:4      | HP: 1/22 [jackal (3)]
   409 | D:4      | Slain by a kobold

Levels and vault maps discovered:
D:1:      dpeg_arrival_caged_fury, layout_basic, due_unseen_surprise
D:2:      layout_loops_ring, mrwooster_statue_mirror, uniq_sigmund
D:3:      layout_rooms, lemuel_crystal_altar, first_ration,
          minmay_misc_feat_alley, wad_orctagon
D:4:      layout_basic, vehumet_altar_wand_db,
          minmay_temple_entry_statues_fountains, uniq_menkaure, uniq_ijyb,
          uniq_edmund

Skill      XL: |  1 |
---------------+----+-----
Conjurations   | 2 |  2.1
Dodging        | |  1.5
Stealth        | |  3.0
Spellcasting   | |  3.0
Summonings     | |  1.0
Translocations | |  1.0

Action                   || total
-------------------------++-------
 Cast: Magic Dart        ||    17
 Abil: Spit Poison       ||     6
Armor: Robe              ||     9
Dodge: Dodged            ||    14

Table legend:
 A = Non-vault XP
 B = Vault XP
 C = Vault XP percentage of total XP
 D = Non-vault monster count
 E = Vault monster count
 F = Vault count percentage of total count
                 A         B        C        D         E       F
            +---------+---------+-------+---------+---------+-------
      Total |      12 |       0 |   0.0 |       4 |       0 |   0.0
            +---------+---------+-------+---------+---------+-------
        D:2 |       7 |       0 |   0.0 |       1 |       0 |   0.0
        D:3 |       1 |       0 |   0.0 |       1 |       0 |   0.0
        D:4 |       4 |       0 |   0.0 |       2 |       0 |   0.0
            +---------+---------+-------+---------+---------+-------
